AoeStats
← __87_KeepeR_Arg

Nomad

506784608Analyzed
4v4 RM · 19d ago on Sep 15, 2026· 43m 18s· 8 players
Game mode
Random Map
Map size
231×231
Population
200
Speed
Normal
Resources
Standard
Victory
Conquest
Starting age
Dark Age
Ending age
Imperial Age
RankedLock teamsTeams togetherTeam positionsShared explorationLock speedFull tech treeHidden civsTurbo modeCheats
Victory
Defeat
🇲🇽 Spanish · Mexico
1487
+15
🇺🇸 Portuguese · United States
1479
+15
🇨🇴 Tupi · Colombia
1446
+17
🇲🇽 Celts · Mexico
1435
+17
🇦🇷 Persians · Argentina
1514
-18
🇦🇷 Saracens · Argentina
1480
-17
🇦🇷 Koreans · Argentina
1469
-16
🇦🇷 Huns · Argentina
1392
-13
edengr7
5:09 Loom
14:08 Feudal Age
18:25 Castle Age
16:59 Fishing Lines
24:37 Double-Bit Axe
27:19 Horse Collar
32:28 Bloodlines
38:56 Stone Mining
39:52 Masonry
40:00 Padded Archer Armor
43:14 Bow Saw
Ferpo
4:09 Loom
14:06 Feudal Age
14:47 Double-Bit Axe
14:51 Fishing Lines
18:47 Castle Age
18:14 Scale Mail Armor
18:27 Forging
18:07 Fletching
20:06 Bow Saw
21:10 Iron Casting
20:50 Gillnets
22:08 Medium Warships
25:18 Scale Mail Armor
28:43 Wheelbarrow
28:59 Chain Mail Armor
30:03 Hand Cart
30:38 Bodkin Arrow
35:54 Imperial Age
33:28 Gambesons
33:23 Pikeman
37:22 Conscription
38:37 Halberdier
39:28 Capped Ram
40:40 Plate Mail Armor
44:46 Blast Furnace
Morningstar
5:23 Loom
14:08 Feudal Age
14:42 Double-Bit Axe
16:07 Gold Mining
18:43 Castle Age
19:48 Bow Saw
19:53 Medium Warships
19:47 Town Watch
22:17 Careening
22:50 Clinker Construction
24:32 Wheelbarrow
23:57 Stone Mining
25:08 Stone Shaft Mining
25:30 Hand Cart
27:40 Treadmill Crane
30:27 Ballistics
36:54 Imperial Age
37:53 Arquebus
39:23 Chemistry
40:02 Siege Engineers
40:58 Elite Organ Gun
42:19 Fletching
Sebasky
4:18 Loom
15:24 Feudal Age
18:39 Double-Bit Axe
23:22 Castle Age
24:46 Wheelbarrow
24:29 Bow Saw
23:59 Horse Collar
27:06 Town Watch
41:38 Heavy Plow
__48_Willow_Arg
3:07 Loom
14:25 Feudal Age
19:03 Castle Age
18:09 Double-Bit Axe
20:04 Bow Saw
19:45 Town Watch
21:23 Horse Collar
29:17 Wheelbarrow
29:13 Forging
32:18 Heavy Plow
34:39 Gold Mining
36:09 Iron Casting
37:18 Scale Barding Armor
37:26 Padded Archer Armor
37:42 Scale Barding Armor
41:20 Imperial Age
40:39 Chain Barding Armor
40:49 Stone Mining
41:59 Husbandry
42:09 Bloodlines
_29_3ffect_Arg
5:11 Loom
13:07 Feudal Age
18:50 Castle Age
19:36 Double-Bit Axe
23:37 Bow Saw
30:58 Ballistics
30:35 Fishing Lines
34:14 Imperial Age
32:51 Horse Collar
34:05 Fletching
34:24 Treadmill Crane
36:12 Bodkin Arrow
40:58 Bracer
42:13 Conscription
200_Darth Vader_Arg
5:21 Loom
12:21 Feudal Age
12:51 Double-Bit Axe
16:03 Fletching
23:35 Castle Age
23:59 Gold Mining
24:52 Bodkin Arrow
26:01 Padded Archer Armor
26:05 Husbandry
26:42 Bow Saw
27:09 Bloodlines
27:05 Town Watch
32:15 Horse Collar
35:42 Stone Mining
__87_KeepeR_Arg
5:12 Loom
13:28 Feudal Age
17:29 Castle Age
19:17 Double-Bit Axe
20:09 Scale Barding Armor
21:52 Bow Saw
21:30 Town Watch
22:19 Demolition Ship
24:57 Wheelbarrow
27:03 Town Watch
27:00 Horse Collar
30:53 Gold Mining
31:51 Bloodlines
33:30 Husbandry
39:24 Imperial Age
37:50 Hand Cart
40:50 Chemistry
40:35 Padded Archer Armor
42:12 Leather Archer Armor
Connection lost

Rejoining the realm…

Still unreachable

The connection could not be restored.

Session expired

The server has moved on; the page needs a fresh start.